| TOP OF THE 1ST |
|
South Bend Cubs batting - Pitching for Hartford Yard Goats : RHP Angelo Ayala
|
|
Pitching: RHP Angelo Ayala
|
|
|
Batting: RHB Jason Ostrom
|
0-0: Fly out, F7 (Flyball, 7S, EV 85.0 MPH)
|
|
Batting: RHB Mike Savage
|
0-0: Called Strike 0-1: Ball 1-1: Ball 2-1: Foul Ball, location: 2F 2-2: Strikes out swinging
|
|
Batting: LHB Mike DiNardo
|
0-0: Ball 1-0: Ground out 6-3 (Groundball, 6S, EV 83.1 MPH)
|
| Top of the 1st over - 0 runs, 0 hits, 0 errors, 0 left on base; South Bend 0 - Hartford 0 |
| BOTTOM OF THE 1ST |
|
Hartford Yard Goats batting - Pitching for South Bend Cubs : LHP Jose Carrillo
|
|
Pitching: LHP Jose Carrillo
|
|
|
Batting: SHB Eddie Quinones
|
0-0: Swinging Strike 0-1: Ball 1-1: Swinging Strike 1-2: Ball 2-2: Ball 3-2: Foul Ball, location: 2F 3-2: Foul Ball, location: 2F 3-2: Foul Ball, location: 2F 3-2: Strikes out looking
|
|
Batting: RHB Justin Williams
|
0-0: Swinging Strike 0-1: Ball 1-1: Foul Ball, location: 2F 1-2: Ball 2-2: SINGLE (Groundball, 56D, EV 96.9 MPH)
|
|
Batting: SHB Bobby Santor
|
0-0: Ball 1-0: Ball 2-0: Called Strike 2-1: Ball 3-1: Base on Balls Justin Williams to second
|
|
Batting: RHB Kian-tat Chen
|
0-0: Fly out, F6 (Popup, 6S, EV 68.8 MPH)
|
|
Batting: LHB Jeremy Brammer
|
0-0: Called Strike 0-1: Ball 1-1: SINGLE (Flyball, 8LS, EV 94.4 MPH) Justin Williams to third Bobby Santor to second Runner from 3rd tries for Home, throw by CF and OUT! 8-2
|
| Bottom of the 1st over - 0 runs, 2 hits, 0 errors, 2 left on base; South Bend 0 - Hartford 0 |
| TOP OF THE 2ND |
|
South Bend Cubs batting - Pitching for Hartford Yard Goats : RHP Angelo Ayala
|
|
Batting: LHB Shuan-yan Wu
|
0-0: Swinging Strike 0-1: Foul Ball, location: 2F 0-2: Ball 1-2: SINGLE (Groundball, 34D, EV 97.5 MPH)
|
|
Batting: SHB Benoît Morin
|
0-0: Fielders Choice at 2nd, 6-4 (Groundball, 6M, EV 83.8 MPH)
|
|
Batting: LHB Jim Polson
|
0-0: Ball 1-0: Foul Ball, location: 2F 1-1: Ball 2-1: Swinging Strike 2-2: Strikes out swinging
|
|
Batting: RHB John Madden
|
0-0: Ball 1-0: Ball 2-0: Ball Wild Pitch! Benoît Morin to second 3-0: Called Strike 3-1: Base on Balls
|
|
Batting: RHB Omar Novoa
|
0-0: Called Strike 0-1: Ball 1-1: Called Strike 1-2: Ball 2-2: Strikes out swinging
|
| Top of the 2nd over - 0 runs, 1 hit, 0 errors, 2 left on base; South Bend 0 - Hartford 0 |
| BOTTOM OF THE 2ND |
|
Hartford Yard Goats batting - Pitching for South Bend Cubs : LHP Jose Carrillo
|
|
Batting: RHB Eric Garrett
|
0-0: Ground out 5-3 (Groundball, 56S, EV 93.8 MPH)
|
|
Batting: RHB Jerry Edmiston
|
0-0: Ball 1-0: Fly out, F3 (Popup, 3SF, EV 80.6 MPH)
|
|
Batting: SHB Pete Perla
|
0-0: Ball 1-0: Swinging Strike 1-1: Foul Ball, location: 2F 1-2: Fly out, F9 (Flyball, 89D, EV 97.5 MPH)
|
| Bottom of the 2nd over - 0 runs, 0 hits, 0 errors, 0 left on base; South Bend 0 - Hartford 0 |
| TOP OF THE 3RD |
|
South Bend Cubs batting - Pitching for Hartford Yard Goats : RHP Angelo Ayala
|
|
Batting: SHB Alvaro Andrade
|
0-0: Ball 1-0: Called Strike 1-1: Foul Ball, location: 2F 1-2: Foul Ball, location: 2F 1-2: Foul Ball, location: 2F 1-2: Strikes out swinging
|
|
Batting: RHB Jason Ostrom
|
0-0: Called Strike 0-1: Fly out, F6 (Flyball, 6D, EV 75.6 MPH)
|
|
Batting: RHB Mike Savage
|
0-0: Ball 1-0: Swinging Strike 1-1: Fly out, F7 (Flyball, 7S, EV 94.4 MPH)
|
| Top of the 3rd over - 0 runs, 0 hits, 0 errors, 0 left on base; South Bend 0 - Hartford 0 |
| BOTTOM OF THE 3RD |
|
Hartford Yard Goats batting - Pitching for South Bend Cubs : LHP Jose Carrillo
|
|
Batting: RHB Elias Urbina
|
0-0: Reached on error, E9 (Flyball, 9S, EV 88.1 MPH)
|
|
Batting: SHB Eddie Quinones
|
0-0: Ball 1-0: Ball 2-0: Called Strike 2-1: Foul Ball, location: 2F 2-2: Strikes out looking
|
|
Batting: RHB Justin Williams
|
0-0: Ball 1-0: Ball Elias Urbina steals 2nd, throwing error, E2 Elias Urbina to third 2-0: Called Strike 2-1: Ball 3-1: Base on Balls
|
|
Batting: SHB Bobby Santor
|
0-0: Ball 1-0: Swinging Strike 1-1: Swinging Strike 1-2: Foul Ball, location: 2F 1-2: Foul Ball, location: 2F 1-2: Strikes out swinging
|
|
Batting: RHB Kian-tat Chen
|
0-0: Called Strike 0-1: Fielders Choice at 2nd, U6 (Groundball, 6M, EV 101.3 MPH)
|
| Bottom of the 3rd over - 0 runs, 0 hits, 2 errors, 2 left on base; South Bend 0 - Hartford 0 |
| TOP OF THE 4TH |
|
South Bend Cubs batting - Pitching for Hartford Yard Goats : RHP Angelo Ayala
|
|
Batting: LHB Mike DiNardo
|
0-0: Hit by Pitch
|
|
Batting: LHB Shuan-yan Wu
|
0-0: Ball 1-0: Foul Ball, location: 2F 1-1: Ball 2-1: Fly out, F7 (Flyball, 7S, EV 75.6 MPH)
|
|
Batting: SHB Benoît Morin
|
0-0: Fly out, F7 (Flyball, 78D, EV 91.3 MPH)
|
|
Batting: LHB Jim Polson
|
0-0: Called Strike 0-1: Ball 1-1: Foul Ball, location: 2F 1-2: Ball 2-2: Strikes out swinging
|
| Top of the 4th over - 0 runs, 0 hits, 0 errors, 1 left on base; South Bend 0 - Hartford 0 |
| BOTTOM OF THE 4TH |
|
Hartford Yard Goats batting - Pitching for South Bend Cubs : LHP Jose Carrillo
|
|
Batting: LHB Jeremy Brammer
|
0-0: Called Strike 0-1: Ball 1-1: Ground out U3 (Groundball, 3, EV 96.9 MPH)
|
|
Batting: RHB Eric Garrett
|
0-0: Ball 1-0: Called Strike 1-1: Ball 2-1: Called Strike 2-2: Ground out 4-3 (Groundball, 4, EV 86.3 MPH)
|
|
Batting: RHB Jerry Edmiston
|
0-0: Ball 1-0: Called Strike 1-1: Called Strike 1-2: Ball 2-2: Ground out 1-3 (Groundball, P, EV 67.5 MPH)
|
| Bottom of the 4th over - 0 runs, 0 hits, 0 errors, 0 left on base; South Bend 0 - Hartford 0 |
| TOP OF THE 5TH |
|
South Bend Cubs batting - Pitching for Hartford Yard Goats : RHP Angelo Ayala
|
|
Batting: RHB John Madden
|
0-0: Called Strike 0-1: Foul Ball, location: 2F 0-2: Ball 1-2: Ball 2-2: Ball 3-2: Base on Balls
|
|
Batting: RHB Omar Novoa
|
0-0: Reached on error, E5 (Groundball, 56, EV 103.8 MPH) John Madden to second
|
|
Batting: SHB Alvaro Andrade
|
0-0: Swinging Strike 0-1: Foul Ball, location: 2F 0-2: Ball 1-2: Strikes out swinging
|
|
Batting: RHB Jason Ostrom
|
0-0: Ball 1-0: Called Strike 1-1: Called Strike 1-2: Strikes out looking
|
|
Batting: RHB Mike Savage
|
0-0: Foul Ball, location: 2F 0-1: Foul Ball, location: 2F 0-2: Ground out 4-3 (Groundball, 4, EV 84.4 MPH)
|
| Top of the 5th over - 0 runs, 0 hits, 1 error, 2 left on base; South Bend 0 - Hartford 0 |
| BOTTOM OF THE 5TH |
|
Hartford Yard Goats batting - Pitching for South Bend Cubs : LHP Jose Carrillo
|
|
Batting: SHB Pete Perla
|
0-0: Foul Ball, location: 2F 0-1: Ball 1-1: Swinging Strike 1-2: Foul Ball, location: 2F 1-2: Strikes out looking
|
|
Batting: RHB Elias Urbina
|
0-0: Called Strike 0-1: Called Strike 0-2: Ball 1-2: Ball 2-2: Reached on error, E5 (Groundball, 56S, EV 89.4 MPH)
|
|
Batting: SHB Eddie Quinones
|
0-0: Ball 1-0: Called Strike 1-1: Ball Passed Ball! Elias Urbina to second 2-1: Ball 3-1: Foul Ball, location: 2F 3-2: 2-RUN HOME RUN (Flyball, 78XD, EV 101.3 MPH), Distance : 394 ft
|
|
Pitching: RHP Daniel Sullivan
|
|
|
Batting: RHB Justin Williams
|
0-0: Ball 1-0: Ball 2-0: Ground out 6-3 (Groundball, 6MS, EV 64.4 MPH)
|
|
Batting: SHB Bobby Santor
|
0-0: Foul Ball, location: 2F 0-1: SOLO HOME RUN (Flyball, 9LD, EV 91.3 MPH), Distance : 344 ft
|
|
Batting: RHB Kian-tat Chen
|
0-0: Ball 1-0: Ball 2-0: Ball 3-0: Base on Balls
|
|
Batting: LHB Jeremy Brammer
|
0-0: Called Strike Kian-tat Chen steals 2nd base 0-1: Fly out, F7 (Flyball, 7S, EV 74.4 MPH)
|
| Bottom of the 5th over - 3 runs, 2 hits, 1 error, 1 left on base; South Bend 0 - Hartford 3 |
| TOP OF THE 6TH |
|
South Bend Cubs batting - Pitching for Hartford Yard Goats : RHP Angelo Ayala
|
|
Batting: LHB Mike DiNardo
|
0-0: Ball 1-0: Ball 2-0: Foul Ball, location: 2F 2-1: Foul Ball, location: 2F 2-2: Strikes out swinging
|
|
Batting: LHB Shuan-yan Wu
|
0-0: Called Strike 0-1: Ball 1-1: Ball 2-1: Swinging Strike 2-2: Ball 3-2: Base on Balls
|
|
Batting: SHB Benoît Morin
|
0-0: Called Strike 0-1: Called Strike 0-2: Strikes out swinging
|
|
Batting: LHB Jim Polson
|
0-0: Ball 1-0: Ball 2-0: Foul Ball, location: 2F 2-1: Swinging Strike 2-2: Strikes out swinging
|
| Top of the 6th over - 0 runs, 0 hits, 0 errors, 1 left on base; South Bend 0 - Hartford 3 |
| BOTTOM OF THE 6TH |
|
Hartford Yard Goats batting - Pitching for South Bend Cubs : RHP Daniel Sullivan
|
|
Batting: RHB Eric Garrett
|
0-0: Called Strike 0-1: SINGLE (Groundball, 56D, EV 96.9 MPH)
|
|
Batting: RHB Jerry Edmiston
|
0-0: Called Strike 0-1: Ball 1-1: Ball 2-1: Foul Ball, location: 2F 2-2: DOUBLE (Flyball, 8RXD, EV 98.8 MPH) Eric Garrett to third
|
|
Pitching: LHP Andres Lobato
|
|
|
Batting: SHB Pete Perla
|
0-0: Ball 1-0: Called Strike 1-1: Ball 2-1: Ball 3-1: Base on Balls
|
|
Batting: RHB Elias Urbina
|
0-0: Called Strike 0-1: Ball 1-1: Ball 2-1: Ball 3-1: Base on Balls Eric Garrett scores Jerry Edmiston to third Pete Perla to second
|
|
Batting: SHB Eddie Quinones
|
0-0: Ball 1-0: Ball 2-0: Called Strike 2-1: Called Strike 2-2: Ball 3-2: Foul Ball, location: 2F 3-2: SINGLE (Flyball, 56D, EV 91.9 MPH) Jerry Edmiston scores Pete Perla to third Elias Urbina to second
|
|
Batting: RHB Justin Williams
|
0-0: Swinging Strike 0-1: Foul Ball, location: 2F 0-2: DOUBLE (Flyball, 89D, EV 103.1 MPH) Pete Perla scores Elias Urbina scores Eddie Quinones to third Runner from 3rd tries for Home, SAFE, throw by RF to home
|
|
Pitching: RHP Eric Allen
|
|
|
Batting: SHB Bobby Santor
|
0-0: Ball 1-0: Foul Ball, location: 2F 1-1: Ball 2-1: Ball 3-1: Base on Balls
|
|
Batting: RHB Kian-tat Chen
|
0-0: SINGLE (Groundball, 56D, EV 101.9 MPH) Justin Williams to third Bobby Santor to second Runner from 3rd tries for Home, SAFE, throw by LF to home
|
|
Batting: LHB Jeremy Brammer
|
0-0: Ball 1-0: Ball 2-0: Called Strike 2-1: Foul Ball, location: 2F 2-2: Foul Ball, location: 2F 2-2: SINGLE (Groundball, 6D, EV 103.8 MPH) Bobby Santor to third Kian-tat Chen to second
|
|
Batting: RHB Eric Garrett
|
0-0: Swinging Strike 0-1: Swinging Strike 0-2: Foul Ball, location: 2F 0-2: Strikes out swinging
|
|
Batting: RHB Jerry Edmiston
|
0-0: Ball 1-0: Called Strike 1-1: Foul Ball, location: 2F 1-2: Foul Ball, location: 2F 1-2: Grounds into double play, 4-6-3 (Groundball, 4, EV 93.1 MPH)
|
| Bottom of the 6th over - 6 runs, 6 hits, 0 errors, 2 left on base; South Bend 0 - Hartford 9 |
| TOP OF THE 7TH |
|
South Bend Cubs batting - Pitching for Hartford Yard Goats : RHP Angelo Ayala
|
|
Pitching: RHP Nate Dallman
|
|
|
Batting: RHB John Madden
|
0-0: Ball 1-0: Foul Ball, location: 2F 1-1: Foul Ball, location: 2F 1-2: Ball 2-2: Ball 3-2: Base on Balls
|
|
Batting: RHB Omar Novoa
|
0-0: Called Strike 0-1: Called Strike 0-2: Strikes out swinging
|
|
Batting: SHB Alvaro Andrade
|
0-0: Called Strike 0-1: Foul Ball, location: 2F 0-2: Strikes out swinging
|
|
Batting: RHB Jason Ostrom
|
0-0: Called Strike 0-1: Swinging Strike 0-2: Ball 1-2: Strikes out swinging
|
| Top of the 7th over - 0 runs, 0 hits, 0 errors, 1 left on base; South Bend 0 - Hartford 9 |
| BOTTOM OF THE 7TH |
|
Hartford Yard Goats batting - Pitching for South Bend Cubs : RHP Eric Allen
|
|
Batting: SHB Pete Perla
|
0-0: Foul Ball, location: 2F 0-1: Ball 1-1: Ball 2-1: Called Strike 2-2: SINGLE (Groundball, 6MD, EV 110.6 MPH)
|
|
Batting: RHB Elias Urbina
|
0-0: TRIPLE (Line Drive, 9LD, EV 104.4 MPH) Pete Perla scores
|
|
Pitching: LHP Andy Bordeaux
|
|
|
Batting: SHB Eddie Quinones
|
0-0: Called Strike 0-1: Ball 1-1: Ball 2-1: Ball 3-1: Base on Balls
|
|
Batting: RHB Justin Williams
|
0-0: Called Strike 0-1: Foul Ball, location: 2F 0-2: Ball 1-2: Ball 2-2: Foul Ball, location: 2F 2-2: SINGLE (Groundball, 56S, EV 75.6 MPH) (infield hit) Elias Urbina scores Eddie Quinones to second
|
|
Batting: SHB Bobby Santor
|
0-0: Ball Passed Ball! Eddie Quinones to third Justin Williams to second 1-0: 3-RUN HOME RUN (Flyball, 89XD, EV 107.5 MPH), Distance : 399 ft
|
|
Batting: RHB Kian-tat Chen
|
0-0: Ball 1-0: Called Strike 1-1: SINGLE (Line Drive, 8RM, EV 111.9 MPH)
|
|
Batting: LHB Jeremy Brammer
|
0-0: Ball 1-0: Called Strike 1-1: Ball 2-1: Called Strike 2-2: Grounds into double play, 6-4-3 (Groundball, 6M, EV 86.3 MPH)
|
|
Pitching: LHP Bill Tardiff
|
|
|
Batting: RHB Eric Garrett
|
0-0: SINGLE (Line Drive, 8LS, EV 103.8 MPH)
|
|
Batting: RHB Jerry Edmiston
|
0-0: Ball 1-0: Ball 2-0: DOUBLE (Line Drive, 3D, EV 94.4 MPH) Eric Garrett to third Runner from 3rd tries for Home, SAFE, throw by RF to home
|
|
Batting: SHB Pete Perla
|
0-0: Swinging Strike 0-1: Foul Ball, location: 2F 0-2: Ball 1-2: Ball 2-2: Hit by Pitch
|
|
Batting: RHB Elias Urbina
|
0-0: Ball 1-0: Ball 2-0: Called Strike 2-1: Single, Error in OF, E7, batter to second base (Line Drive, 7S, EV 90.6 MPH) Jerry Edmiston scores Pete Perla to third
|
|
Batting: SHB Eddie Quinones
|
0-0: Swinging Strike 0-1: Foul Ball, location: 2F 0-2: Ball 1-2: SINGLE (Groundball, 15S, EV 66.3 MPH) (infield hit) Pete Perla scores Elias Urbina to third
|
|
Batting: RHB Justin Williams
|
0-0: Ball 1-0: Ball 2-0: Foul Ball, location: 2F 2-1: Ball 3-1: Called Strike Pickoff Throw to First - Error! E1 Elias Urbina scores Eddie Quinones to second 3-2: Foul Ball, location: 2F 3-2: Base on Balls
|
|
Pitching: RHP Jean-Paul Lefebvre
|
|
|
Batting: SHB Bobby Santor
|
0-0: Called Strike 0-1: Foul Ball, location: 2F 0-2: Ball 1-2: Ball 2-2: Ball 3-2: Base on Balls Eddie Quinones to third Justin Williams to second
|
|
Batting: RHB Kian-tat Chen
|
0-0: Foul Ball, location: 2F 0-1: Swinging Strike 0-2: Foul Ball, location: 2F 0-2: Strikes out swinging
|
| Bottom of the 7th over - 9 runs, 9 hits, 2 errors, 3 left on base; South Bend 0 - Hartford 18 |
| TOP OF THE 8TH |
|
South Bend Cubs batting - Pitching for Hartford Yard Goats : RHP Nate Dallman
|
|
Batting: RHB Mike Savage
|
0-0: Swinging Strike 0-1: Foul Ball, location: 2F 0-2: Fly out, F4 (Popup, 4, EV 58.1 MPH)
|
|
Batting: LHB Mike DiNardo
|
0-0: Ball 1-0: Called Strike 1-1: Ball 2-1: Foul Ball, location: 2F 2-2: Strikes out looking
|
|
Batting: LHB Shuan-yan Wu
|
0-0: Fly out, F9 (Flyball, 9, EV 88.8 MPH)
|
| Top of the 8th over - 0 runs, 0 hits, 0 errors, 0 left on base; South Bend 0 - Hartford 18 |
| BOTTOM OF THE 8TH |
|
Hartford Yard Goats batting - Pitching for South Bend Cubs : RHP Jean-Paul Lefebvre
|
|
Batting: LHB Jeremy Brammer
|
0-0: Ball 1-0: Foul Ball, location: 2F 1-1: Swinging Strike 1-2: Strikes out swinging
|
|
Batting: RHB Eric Garrett
|
0-0: Called Strike 0-1: Foul Ball, location: 2F 0-2: Foul Ball, location: 2F 0-2: SINGLE (Line Drive, 3D, EV 93.8 MPH)
|
|
Pitching: RHP Gavrel Godziashvili
|
|
|
Batting: RHB Jerry Edmiston
|
0-0: Ball Pickoff Throw to First - Error! E1 Eric Garrett to second 1-0: Called Strike 1-1: Swinging Strike 1-2: DOUBLE (Line Drive, 89D, EV 104.4 MPH) Eric Garrett scores
|
|
Batting: SHB Pete Perla
|
0-0: Ball 1-0: Foul Ball, location: 2F 1-1: Swinging Strike 1-2: Ball 2-2: Ball 3-2: Base on Balls
|
|
Batting: RHB Elias Urbina
|
0-0: Swinging Strike 0-1: Ball 1-1: Called Strike 1-2: DOUBLE (Line Drive, 9LS, EV 96.3 MPH) Jerry Edmiston scores Pete Perla to third
|
|
Batting: SHB Eddie Quinones
|
0-0: Ball 1-0: Foul Ball, location: 2F 1-1: Ball 2-1: Ball 3-1: Called Strike 3-2: Fly out, F6 (Line Drive, 6, EV 73.8 MPH)
|
|
Pitching: RHP Jason Scott
|
|
|
Batting: RHB Justin Williams
|
0-0: Ball 1-0: Swinging Strike 1-1: Ball 2-1: Ball 3-1: Base on Balls
|
|
Batting: SHB Bobby Santor
|
0-0: Ball 1-0: Foul Ball, location: 2F 1-1: Ball 2-1: Foul Ball, location: 2F 2-2: Ball 3-2: Base on Balls Pete Perla scores Elias Urbina to third Justin Williams to second
|
|
Batting: RHB Kian-tat Chen
|
0-0: Ball Wild Pitch! Elias Urbina scores Justin Williams to third Bobby Santor to second 1-0: Ball 2-0: Called Strike 2-1: Ground out 5-3 (Groundball, 5, EV 100.0 MPH)
|
| Bottom of the 8th over - 4 runs, 3 hits, 1 error, 2 left on base; South Bend 0 - Hartford 22 |
| TOP OF THE 9TH |
|
South Bend Cubs batting - Pitching for Hartford Yard Goats : RHP Nate Dallman
|
|
Batting: SHB Benoît Morin
|
0-0: Called Strike 0-1: Ball 1-1: Foul Ball, location: 2F 1-2: Ball 2-2: SINGLE (Groundball, 4D, EV 99.4 MPH)
|
|
Pitching: LHP Eric Zielinski
|
|
|
Batting: LHB Jim Polson
|
0-0: Ball 1-0: SINGLE (Line Drive, 89M, EV 108.1 MPH) Benoît Morin to second
|
|
Batting: RHB John Madden
|
0-0: Ball 1-0: Swinging Strike 1-1: Ball 2-1: Swinging Strike 2-2: Fielders Choice at 2nd, 6-4 (Groundball, 6, EV 86.3 MPH) Benoît Morin to third
|
|
Batting: RHB Omar Novoa
|
0-0: Foul Ball, location: 2F 0-1: Foul Ball, location: 2F 0-2: Ball 1-2: Strikes out swinging
|
|
Batting: SHB Alvaro Andrade
|
0-0: Ball 1-0: Ball 2-0: Called Strike 2-1: Foul Ball, location: 2F 2-2: Strikes out looking
|
| Top of the 9th over - 0 runs, 2 hits, 0 errors, 2 left on base; South Bend 0 - Hartford 22 |
|